 Dungeon Crawl Stone Soup version 0.29.0-4-gdea44cf6ec (webtiles) character file.

Game seed: 17303154561038322772

244 qw the Ruffian (level 5, -4/50 HPs)
             Began as a Troll Cinder Acolyte on Sept 2, 2022.
             Was a High Priest of Ignis.
             Slain by Duvessa
             ... wielding a +0 rapier of electrocution
              (20 damage)
             ... on level 4 of the Dungeon.
             The game lasted 00:01:32 (3078 turns).

qw the Ruffian (Troll Cinder Acolyte)               Turns: 3078, Time: 00:01:33

Health: -4/50      AC: 12    Str: 24    XL:     5   Next: 83%
Magic:  5/5        EV:  9    Int: 10    God:    Ignis [*****.]
Gold:   114        SH:  0    Dex:  5    Spells: 6/6 levels left

rFire   + . .      SeeInvis +     - Unarmed
rCold   . . .      Faith    .   (no shield)
rNeg    . . .      Spirit   .   a - +0 robe
rPois   .          Reflect  .   (helmet restricted)
rElec   .          Harm     .   f - +0 cloak
rCorr   .          Rampage  .   (gloves unavailable)
Will    .....                   (boots unavailable)
Stlth   +.........              (no amulet)
HPRegen 0.96/turn               e - ring of see invisible
MPRegen 0.09/turn               (no ring)

@: fiery-armoured
A: large, unfitting armour, claws 3, regeneration 1, shaggy fur 1, tough skin 1
a: Renounce Religion, Fiery Armour, Foxfire Swarm, Rising Flame


You were on level 4 of the Dungeon.
You worshipped Ignis.
Ignis was extremely pleased with you.
You visited 1 branch of the dungeon, and saw 4 of its levels.

You collected 114 gold pieces.


Innate Abilities, Weirdness & Mutations

You are too large for most types of armour.
You have claws for hands.
Your natural rate of healing is unusually fast.
You are covered in fur. (AC +1)
You have tough skin. (AC +1)


   Skills:
 - Level 2.4 Fighting
 - Level 1.7 Throwing
 + Level 6.2 Unarmed Combat
 - Level 1.0 Spellcasting
 - Level 2.1 Fire Magic


You had 6 spell levels left.
You didn't know any spells.
Your spell library contained the following spells:

 Spells                   Type           Power      Damage    Failure   Level
 Scorch                   Fire           8%         2d5       22%         2

Inventory:

Missiles
 l - 4 javelins (quivered)
Armour
 a - a +0 robe (worn)
 f - a +0 cloak (worn)
Jewellery
 e - a ring of see invisible (left claw)
Scrolls
 c - a scroll of butterflies {unknown}
 j - a scroll of identify
 m - a scroll of teleportation
Potions
 b - a potion of cancellation
 d - a potion of heal wounds
 g - a potion of curing {unknown}
 h - a potion of brilliance {unknown}
 i - a potion of flight {unknown}
 k - a potion of ambrosia {unknown}

Dungeon Overview and Level Annotations

Branches:
Dungeon (4/15)
 Temple: D:4-7

Altars:
Dithmenos

Annotations:
D:3 2 runed translucent doors
D:4 Duvessa


Message History

Duvessa is lightly wounded.
Duvessa hits you but does no damage.
You closely miss Duvessa.
Duvessa is lightly wounded.
Duvessa closely misses you.
You barely miss Duvessa.
Duvessa is lightly wounded.
Duvessa barely misses you. Dowan hits you with a +0 dagger.
Dowan is burned by your cloak of flames.
Dowan is moderately wounded.
You closely miss Dowan.
Dowan is moderately wounded.
Duvessa barely misses you.
Duvessa hits you with a +0 rapier of electrocution.
You are electrocuted!
Duvessa is burned by your cloak of flames.
Duvessa is lightly wounded.
You scratch Dowan.
Dowan is heavily wounded.
Dowan hits you but does no damage.
Dowan is burned by your cloak of flames.
Dowan is severely wounded.
Duvessa says, "Where magic fails, the sword succeeds!"
Duvessa barely misses you.
You claw Dowan!
You kill Dowan!
Duvessa screams, "No!
How DARE you!"
Duvessa goes berserk!
Duvessa hits you with a +0 rapier of electrocution.
Duvessa is burned by your cloak of flames.
Duvessa is moderately wounded.
Your Throwing skill increases to level 1!
You scratch Duvessa.
Duvessa is moderately wounded.
Duvessa hits you with a +0 rapier of electrocution!
You are electrocuted!
Duvessa is burned by your cloak of flames.
Duvessa is moderately wounded.
Duvessa hits you with a +0 rapier of electrocution!!
You die...

#. #. ####
######. #...
#...... ####...
#...... .......
#...... .......
#......
......%#####
#......
......)@...#
#.>....
......e###.#
#...... .......
#.# #......
....... #.#
#...... .......
#.# #######
######.
#.#############
#.
#.....)........
#.
###############


You could see Duvessa (berserk, fast).

Vanquished Creatures
  Dowan (D:4)
  Ijyb (D:3)
  Natasha (thrice) (D:3)
  2 adders
  2 worms
  2 dart slugs
  7 ball pythons
  A bat (D:2)
  8 endoplasms
  2 giant cockroaches
  9 goblins
  4 hobgoblins
  7 jackals
  A quokka (D:3)
  4 frilled lizards
  7 kobolds
  6 rats
67 creatures vanquished.

Notes
Turn   | Place    | Note
-------+----------+-------------------------------------------
     0 | D:1      | qw the Troll Cinder Acolyte began the quest for the Orb.
     0 | D:1      | Reached XP level 1. HP: 22/22 MP: 1/1
     0 | D:1      | 0 ||| qw: Version: 0.1-a-97-g2dd2ca4
     0 | D:1      | 0 ||| qw: Game counter: 4991
     0 | D:1      | 0 ||| qw: Always use a shield: true
     0 | D:1      | 0 ||| qw: God list: Okawaru
     0 | D:1      | 0 ||| qw: Allow faded altars: false
     0 | D:1      | 0 ||| qw: Do Orc after D:15 true
     0 | D:1      | 0 ||| qw: Do second Lair branch before Depths: true
     0 | D:1      | 0 ||| qw: Lair rune preference: random
     0 | D:1      | 0 ||| qw: Plans: Normal
     0 | D:1      | 0 ||| PLANNING D:1-11
    34 | D:1      | Found a faded altar of an unknown god.
    37 | D:1      | 37 ||| Stepping ~*~*~tactically~*~*~ (stealth).
    80 | D:1      | Reached XP level 2. HP: 29/29 MP: 2/2
   130 | D:1      | 130 ||| Stepping ~*~*~tactically~*~*~ (hiding).
   635 | D:1      | Reached skill level 4 in Unarmed Combat
   757 | D:1      | 757 ||| UPGRADING to +0 cloak.
   762 | D:1      | 762 ||| UPGRADING to ring of see invisible.
   763 | D:1      | 763 ||| READING 3 scrolls labelled MIOZUSOYCS.
   764 | D:1      | 764 ||| READING scroll labelled FEQAPOUNIY.
   768 | D:1      | 768 ||| DRINKING 3 dark potions.
   769 | D:1      | 769 ||| DRINKING 2 silvery potions.
   770 | D:1      | 770 ||| DROPPING 2 potions of degeneration.
   771 | D:1      | 771 ||| DROPPING 2 scrolls of summoning.
   817 | D:2      | 817 ||| FLEEEEING.
   818 | D:2      | 818 ||| FLEEEEING.
   824 | D:2      | 824 ||| Stepping ~*~*~tactically~*~*~ (outnumbered).
   831 | D:2      | Reached XP level 3. HP: 36/36 MP: 3/3
   860 | D:2      | 860 ||| Stepping ~*~*~tactically~*~*~ (stealth).
   912 | D:2      | 912 ||| Stepping ~*~*~tactically~*~*~ (hiding).
  1643 | D:2      | 1643 ||| READING scroll labelled FAYN CUMIRCHEHI.
  1644 | D:2      | 1644 ||| READING scroll labelled QEN JAAVOCUUXT.
  1756 | D:3      | Found a shadowy altar of Dithmenos.
  1830 | D:3      | 1830 ||| Stepping ~*~*~tactically~*~*~ (stealth).
  1878 | D:3      | Reached skill level 5 in Unarmed Combat
  1878 | D:3      | Reached XP level 4. HP: 44/44 MP: 4/4
  1992 | D:3      | Noticed Ijyb
  2000 | D:3      | Paralysed by Ijyb for 4 turns
  2011 | D:3      | Killed Ijyb
  2048 | D:3      | Noticed Natasha
  2049 | D:3      | 2049 ||| Stepping ~*~*~tactically~*~*~ (hiding).
  2063 | D:3      | Killed Natasha
  2227 | D:3      | 2227 ||| Stepping ~*~*~tactically~*~*~ (stealth).
  2264 | D:3      | Noticed Natasha
  2265 | D:3      | 2265 ||| Stepping ~*~*~tactically~*~*~ (stealth).
  2267 | D:3      | 2267 ||| Stepping ~*~*~tactically~*~*~ (hiding).
  2268 | D:3      | 2268 ||| Stepping ~*~*~tactically~*~*~ (hiding).
  2269 | D:3      | 2269 ||| Stepping ~*~*~tactically~*~*~ (hiding).
  2277 | D:3      | Killed Natasha
  2278 | D:3      | Reached XP level 5. HP: 42/50 MP: 5/5
  2311 | D:3      | Found a large runed translucent door.
  2311 | D:3      | Found a large runed translucent door.
  2578 | D:3      | Noticed Natasha
  2579 | D:3      | 2579 ||| Stepping ~*~*~tactically~*~*~ (hiding).
  2581 | D:3      | 2581 ||| Stepping ~*~*~tactically~*~*~ (outnumbered).
  2584 | D:3      | 2584 ||| INVOKING Fiery Armour.
  2586 | D:3      | Killed Natasha
  2587 | D:3      | Reached skill level 6 in Unarmed Combat
  2704 | D:3      | 2704 ||| Stepping ~*~*~tactically~*~*~ (stealth).
  2854 | D:3      | 2854 ||| READING 3 scrolls labelled OMY EWAYSM.
  2855 | D:3      | 2855 ||| READING 2 scrolls of identify.
  2855 | D:3      | 2855 ||| IDENTIFYING clear potion
  2856 | D:3      | 2856 ||| DROPPING 2 scrolls of poison.
  2857 | D:3      | 2857 ||| Stepping randomly (stuck).
  2858 | D:3      | 2858 ||| Stepping ~*~*~tactically~*~*~ (cloud).
  3010 | D:4      | 3010 ||| Stepping ~*~*~tactically~*~*~ (stealth).
  3013 | D:4      | 3013 ||| Stepping ~*~*~tactically~*~*~ (stealth).
  3017 | D:4      | 3017 ||| Stepping ~*~*~tactically~*~*~ (stealth).
  3018 | D:4      | 3018 ||| Stepping ~*~*~tactically~*~*~ (stealth).
  3067 | D:4      | Noticed Duvessa
  3067 | D:4      | Noticed Dowan
  3068 | D:4      | 3068 ||| INVOKING Fiery Armour.
  3077 | D:4      | Killed Dowan
  3078 | D:4      | Reached skill level 1 in Throwing
  3078 | D:4      | Slain by Duvessa

Levels and vault maps discovered:
D:1:      dpeg_arrival_renting, layout_loops_cross,
          hellmonk_ecumenical_altar_dog_temple
D:2:      layout_loops_ring, roderic_serpentine_path
D:3:      layout_basic, nicolae_dithmenos_through_a_glass_darkly,
          jmf_multi_god_temple2, minmay_misc_feat_tower,
          minmay_goblin_kobold_house, uniq_natasha, uniq_ijyb
D:4:      layout_basic, serial_glass, glass_columns_b, glass_columns_c,
          glass_columns_c, glass_columns_a, glass_columns_a, glass_columns_a,
          minmay_unequal, uniq_crazy_yiuf_cottage, uniq_duvessa,
          uniq_blork_the_orc

Skill      XL: |  1  2  3  4  5 |
---------------+----------------+-----
Unarmed Combat | 4 5 6 |  6.2
Throwing       | 1 |  1.7
Fighting       | |  2.4
Spellcasting   | |  1.0
Fire Magic     | |  2.1

Action                   |  1- 3 |  4- 6 || total
-------------------------+-------+-------++-------
Melee: Unarmed           |   116 |    77 ||   193
Throw: Javelin           |       |     2 ||     2
Invok: Fiery Armour      |       |     2 ||     2
  Use: Scroll            |     4 |     2 ||     6
       Potion            |     2 |       ||     2
Armor: Robe              |    25 |    32 ||    57
Dodge: Dodged            |    29 |    30 ||    59

Table legend:
 A = Non-vault XP
 B = Vault XP
 C = Vault XP percentage of total XP
 D = Non-vault monster count
 E = Vault monster count
 F = Vault count percentage of total count
                 A         B        C        D         E       F
            +---------+---------+-------+---------+---------+-------
      Total |     195 |     154 |  44.1 |      57 |      10 |  14.9
            +---------+---------+-------+---------+---------+-------
        D:1 |      27 |       6 |  18.2 |      16 |       3 |  15.8
        D:2 |      48 |       0 |   0.0 |      18 |       0 |   0.0
        D:3 |     110 |      79 |  41.8 |      17 |       6 |  26.1
        D:4 |      10 |      69 |  87.3 |       6 |       1 |  14.3
            +---------+---------+-------+---------+---------+-------
